 Dungeon Crawl Stone Soup version 0.18-b1-2-gd0c887e (webtiles) character file.

192 Gargoyl the Skirmisher (level 5, -2/61 HPs)
             Began as a Demonspawn Abyssal Knight on Apr 28, 2016.
             Was a Believer of Lugonu.
             Slain by Sigmund
             ... wielding a +0 scythe
              (5 damage)
             ... on level 3 of the Dungeon.
             The game lasted 00:08:54 (3746 turns).

Gargoyl the Skirmisher (Demonspawn Abyssal Knight)  Turns: 3746, Time: 00:08:55

Health: -2/61      AC: 22    Str: 13 (14) XL:     5   Next: 42%
Magic:  6/6        EV:  2    Int: 13      God:    Lugonu [**....]
Gold:   177        SH:  0    Dex: 12      Spells: 0 memorised, 4 levels left

rFire  . . .     SeeInvis .     a - +1 hand axe
rCold  . . .     Gourm    .     (armour currently unavailable)
rNeg   + + +     Faith    .     (no shield)
rPois  +         Spirit   .     (helmet currently unavailable)
rElec  .         Dismiss  .     (cloak currently unavailable)
rCorr  .         Reflect  .     (gloves currently unavailable)
SustAt .         Harm     .     (boots currently unavailable)
MR     .....     NoTele   +     (no amulet)
Stlth  +.........               (no ring)
                                (no ring)

@: tree-form (expiring), not resistant to hostile enchantments, very unstealthy
A: (claws 0), (fire resistance 0)
a: Depart the Abyss, Bend Space, Renounce Religion


You were on level 3 of the Dungeon.
You worshipped Lugonu.
Lugonu was pleased with you.
You were not hungry.
You were a tree.
You visited 1 branch of the dungeon, and saw 3 of its levels.
You visited the Abyss 1 time.

You collected 177 gold pieces.

Inventory:

Hand Weapons
 a - a +1 hand axe (weapon)
 m - a cursed -2 trident
Armour
 e - a +2 cloak of magic resistance (melded)
 k - a +0 ring mail (melded)
Jewellery
 d - an uncursed ring of ice
Scrolls
 g - 2 scrolls of noise {unknown}
 i - a scroll of random uselessness {unknown}
 j - 4 scrolls of identify {unknown}
 p - 3 scrolls of remove curse {unknown}
Potions
 h - 3 potions of degeneration
 q - a potion of lignification
Comestibles
 b - a beef jerky
 c - 2 bread rations
 l - a slice of pizza


   Skills:
 + Level 3.6 Fighting
 + Level 2.9 Axes
 * Level 3.5 Armour
 + Level 2.0 Dodging
 + Level 0.4 Stealth
 + Level 2.6 Invocations


You had 4 spell levels left.
You didn't know any spells.

Dungeon Overview and Level Annotations

Branches:
Dungeon (3/15)

Altars:
Fedhas
Kikubaaqudgha

Annotations:
D:3 Sigmund


Innate Abilities, Weirdness & Mutations

((You have sharp fingernails.))
((Your flesh is heat resistant.))


Message History

Drink which item? (? for menu, Esc to quit)
Okay, then.
You miss something. You completely miss something. Something hits you.
* * * LOW HITPOINT WARNING * * *
You hit something.
You hear some strange, mumbled words.
A puff of flame appears from out of thin air!
The puff of flame hits you!
You miss something.
You feel less confused. Something hits you.
* * * LOW HITPOINT WARNING * * *
You barely miss something.
Your transformation is almost over.
Something hits you but does no damage.
You closely miss something. Something hits you but does no damage.
You hit something. You miss something. Something hits you.
You die...

#.# #.# #.#
##..#####.#
#......##.#
#......##.#
#......##.#
#......##{#
###......##♣#
............# # #.#
###.......#.##....#
#.......#... ...#
#.......#..#...#
#.###.###..#...#
#.#............# #.
#.#.#.###..#. # #.#
#.#.#....).#.


There were no monsters in sight!

Vanquished Creatures
  A giant frog zombie (D:3)
  Crazy Yiuf (D:2)
  3 adders (D:2)
  3 gnolls
  An ooze (D:1)
  5 dart slugs
  4 giant geckos
  6 bats
  3 giant cockroaches
  5 goblins
  8 hobgoblins
  2 jackals (D:1)
  7 kobolds
  A quokka (D:2)
  3 giant newts
  5 rats
  A fungus (D:2)
59 creatures vanquished.

Notes
Turn   | Place    | Note
--------------------------------------------------------------
     0 | Abyss:1  | Gargoyl the Demonspawn Abyssal Knight began the quest for the Orb.
     0 | Abyss:1  | Reached XP level 1. HP: 18/18 MP: 2/2
    49 | Abyss:1  | Noticed a ynoxinul
    93 | Abyss:1  | Noticed a large abomination
   100 | D:1      | Escaped the Abyss
   531 | D:1      | Reached * piety under Lugonu
   531 | D:1      | Gained mutation: You have sharp fingernails. [demonic ancestry]
   531 | D:1      | Reached XP level 2. HP: 21/24 MP: 3/3
  1018 | D:1      | Reached skill level 1 in Dodging
  1110 | D:1      | Reached XP level 3. HP: 29/29 MP: 4/4
  1840 | D:2      | Reached ** piety under Lugonu
  1840 | D:2      | Reached XP level 4. HP: 35/35 MP: 5/5
  2169 | D:2      | Found a blossoming altar of Fedhas.
  2170 | D:2      | Found an ancient bone altar of Kikubaaqudgha.
  2717 | D:2      | Noticed Crazy Yiuf
  2728 | D:2      | Paralysed by Crazy Yiuf for 2 turns
  2744 | D:2      | Killed Crazy Yiuf
  3175 | D:2      | Gained mutation: Your flesh is heat resistant. [demonic ancestry]
  3175 | D:2      | Reached XP level 5. HP: 16/41 MP: 6/6
  3696 | D:3      | Noticed Sigmund
  3740 | D:3      | HP: 3/61 [something (6)]
  3746 | D:3      | Slain by Sigmund

Skill      XL: |  1  2  3  4  5 |
---------------+----------------+-----
Axes           | 2 |  2.9
Armour         | 2 3 |  3.5
Dodging        | 1 2 |  2.0
Fighting       | |  3.6
Stealth        | |  0.4
Invocations    | |  2.6

Action                   |  1- 3 |  4- 6 || total
-------------------------+-------+-------++-------
Melee: Hand axe          |   112 |   144 ||   256
Invok: Depart the Abyss  |     1 |       ||     1
  Use: Potion            |       |     7 ||     7
 Stab: Invisible         |       |     1 ||     1
  Eat: Chunk             |     2 |     3 ||     5
       Meat ration       |       |     1 ||     1
Armor: Leather armour    |    30 |       ||    30
       Ring mail         |     8 |    41 ||    49
       Skin              |       |    27 ||    27
Dodge: Dodged            |    97 |    80 ||   177
